 Dungeon Crawl Stone Soup version 0.31-a0-740-g87205ac768 (webtiles) character file.

Game seed: 14433309954388877004

32846 Dittersdorf the Fighter (level 13, -11/88 HPs)
             Began as a Gargoyle Fighter on Sept 12, 2023.
             Was a High Priest of Okawaru.
             Mangled by a cane toad (15 damage)
             ... on level 5 of the Lair of Beasts.
             The game lasted 00:31:41 (17146 turns).

Dittersdorf the Fighter (Gargoyle Fighter)         Turns: 17146, Time: 00:31:42

Health: -11/88     AC: 34    Str: 31    XL:     13   Next: 67%
Magic:  0/13       EV: 11    Int:  9    God:    Okawaru [*****.]
Gold:   1040       SH: 10    Dex:  9    Spells: 12/12 levels left

rFire   . . .        D - +2 flail (drain)
rCold   . . .        a - +2 buckler
rNeg    + . .        g - +4 chain mail
rPois   ∞            e - +0 hat {SInv}
rElec   +            r - scarf {repulsion}
rCorr   .            (no gloves)
SInv    +            B - +0 pair of boots
Will    .....        C - amulet of guardian spirit Stlth
                     f - +4 ring of protection
HPRegen 0.34/turn    G - +6 ring of strength
MPRegen 0.13/turn

%: repel missiles, guardian spirit
@: heroic
A: sickness immunity, AC +9, negative energy resistance 1, electricity
resistance, torment resistance 1, petrification resistance
a: Renounce Religion, Heroism, Finesse, Duel


You were on level 5 of the Lair of Beasts.
You worshipped Okawaru.
Okawaru was extremely pleased with you.
You visited 3 branches of the dungeon, and saw 17 of its levels.

You collected 1040 gold pieces.

Inventory:

Hand Weapons
 v - a +1 morningstar of flaming
 A - a +0 morningstar of holy wrath
 D - a +2 flail of draining (weapon)
Missiles
 h - 2 curare-tipped darts (quivered)
Armour
 a - a +2 buckler (worn)
 e - a +0 hat of see invisible (worn)
 g - a +4 chain mail (worn)
 r - a scarf of repulsion (worn)
 B - a +0 pair of boots (worn)
Jewellery
 b - a ring of positive energy
 f - a +4 ring of protection (left hand)
 C - an amulet of guardian spirit (around neck)
 F - a ring of ice
 G - a +6 ring of strength (right hand)
Wands
 q - a wand of quicksilver (6)
 u - a wand of roots (2)
Scrolls
 c - a scroll of enchant armour
 m - a scroll of blinking
 n - 3 scrolls of fog
 o - 7 scrolls of teleportation
 w - 2 scrolls of enchant weapon
 x - a scroll of silence
 y - a scroll of revelation
Potions
 d - 2 potions of might
 i - a potion of ambrosia
 j - 9 potions of curing
 k - a potion of berserk rage
 l - 4 potions of enlightenment
 p - 2 potions of cancellation {unknown}
 s - 2 potions of heal wounds {unknown}
 t - 2 potions of mutation
 z - a potion of magic {unknown}
 E - 2 potions of haste {unknown}


   Skills:
 + Level 13.1(18.1) Fighting
 + Level 11.8(16.8) Maces & Flails
 + Level 13.1(18.1) Armour
 + Level 13.1(18.1) Shields


You had 12 spell levels left.
You didn't know any spells.
Your spell library contained the following spells:

 Spells                   Type           Power      Damage    Failure   Level
 Apportation              Tloc           0%         N/A       71%         1
 Kiss of Death            Conj/Necr      0%         2d5       71%         1
 Magic Dart               Conj           0%         1d3       71%         1
 Blink                    Tloc           0%         N/A       83%         2
 Jinxbite                 Hex            0%         N/A       83%         2
 Lesser Beckoning         Tloc           0%         N/A       83%         2
 Momentum Strike          Conj/Tloc      0%         3d8       83%         2
 Poisonous Vapours        Pois/Air       0%         N/A       83%         2
 Scorch                   Fire           0%         2d5       83%         2
 Searing Ray              Conj           0%         2d4       83%         2
 Confusing Touch          Hex            0%         N/A       97%         3
 Hailstorm                Conj/Ice       0%         3d3       97%         3
 Mephitic Cloud           Conj/Pois/Air  0%         N/A       97%         3
 Volatile Blastmotes      Fire/Tloc      0%         2d10      97%         3
 Dispel Undead            Necr           0%         3d6       100%        4
 Flame Wave               Conj/Fire      0%         2d4       100%        4
 Fulminant Prism          Conj/Hex       0%         3d5       100%        4
 Iskenderun's Mystic Bla  Conj/Tloc      0%         2d3       100%        4
 Alistair's Intoxication  Tmut/Pois      0%         N/A       100%        5
 Freezing Cloud           Conj/Ice/Air   0%         6-21      100%        5
 Call Imp                 Summ           Unusable   N/A       N/A         2
 Summon Ice Beast         Ice/Summ       Unusable   N/A       N/A         4
 Simulacrum               Ice/Necr       Unusable   N/A       N/A         6
 Summon Cactus Giant      Summ           Unusable   N/A       N/A         6

Dungeon Overview and Level Annotations

Branches:
Dungeon (11/15)            Temple (1/1) D:5            Lair (5/5) D:9
  Swamp (0/4) Lair:2        Snake (0/4) Lair:3        Slime (0/5) Lair:4
    Orc (0/2) D:10

Altars:
Ashenzari
Cheibriados
Dithmenos
Elyvilon
Fedhas
Gozag
Hepliaklqana
Kikubaaqudgha
Makhleb
Nemelex Xobeh
Okawaru
Qazlal
Ru
Sif Muna
Trog
Uskayaw
Vehumet
Wu Jian
Xom
Yredelemnul
Zin
The Shining One
Jiyva

Shops:
D:3 =   D:10 [

Portals:
Abyss: D:10

Annotations:
D:10 2 transporters, Newt's ghost, journeyman KoHu


Innate Abilities, Weirdness & Mutations

You are immune to sickness and miasma.
Your stone body is resilient. (AC +9)
You are immune to poison.
You resist negative energy. (rN+)
You are resistant to electric shocks. (rElec)
You are resistant to unholy torment.
You are immune to petrification.


Message History

The cane toad stings you but does no damage.
You block the hell rat's attack.
The hell rat bites you but does no damage.
The yak gores the plant!
You gain the combat prowess of a mighty hero.
The hell rat barely misses you.
The hell rat bites you but does no damage.
The cane toad barely misses you. The hell rat bites you.
You block the hell rat's attack. The hell rat barely misses you.
The yak snorts and paws the ground.
The hell rat bites you.
The yak gores the plant.
You hit the hell rat.
The hell rat is moderately wounded.
You block the cane toad's attack.
The hell rat bites you but does no damage.
The hell rat misses you.
You bludgeon the hell rat!!
You kill the hell rat!
Okawaru accepts your kill. The hell rat closely misses you.
The hell rat bites you but does no damage.
The cane toad stings you!
* * * LOW HITPOINT WARNING * * *
The yak gores the plant!
You block the hell rat's attack.
You completely miss the yak.
A nearby plant withers and dies.
You block the hell rat's attack.
The hell rat bites you but does no damage.
You block the cane toad's attack. The yak gores you but does no damage.
The yak barely misses you. You block the hell rat's attack.
You barely miss the yak. You block the hell rat's attack. x2
The cane toad stings you!
* * * LOW HITPOINT WARNING * * *
You closely miss the yak. The hell rat closely misses you.
You block the yak's attack. The yak gores you.
* * * LOW HITPOINT WARNING * * *
The yak gores you but does no damage. The hell rat closely misses you.
The hell rat bites you.
* * * LOW HITPOINT WARNING * * *
You barely miss the yak. The cane toad stings you!
You die...

########
#...#..# ##
#P.<†..##.P#
##...P......
#..#YY......
##.r@YY...#.
#.rrF....#
#...r......#
#..........#
#..?.......#
#...........
............
#............


You could see 4 yaks, a cane toad and 4 hell rats.

Vanquished Creatures
  Snorg (Lair:3)
  Erica (Lair:2)
  3 hydras (Lair:2)
  A boulder beetle (Lair:3)
  6 death yaks (Lair:4)
  A two-headed ogre (D:10)
  The ghost of lunkers the Martial Artist, a novice MeSh of Okawaru (D:7)
  Urug (D:9)
  A deep elf pyromancer (D:10)
  7 elephants
  4 black mambas
  Jeremiah (D:8)
  11 cane toads
  A kobold demonologist (D:10)
  7 komodo dragons
  The ghost of pokeman the Magician, a novice DEHW (D:5)
  A troll (D:6)
  A hornet (D:9)
  A polar bear (Lair:4)
  A shadow (D:10)
  A basilisk (Lair:2)
  2 wyverns (D:10)
  A wraith (D:10)
  34 yaks
  A steam dragon (D:6)
  Edmund (D:5)
  An acid dragon (D:10)
  2 swamp worms (Lair:2)
  3 nagas (Lair:3)
  7 water moccasins
  4 orc warriors
  3 ice beasts
  4 sky beasts
  The ghost of Sundig the Trooper, an amateur DgFi (D:4)
  A black bear (Lair:3)
  2 ogres
  9 wolves (Lair:1)
  A centaur (D:8)
  A phantom (D:5)
  2 kobold brigands
  Blork the orc (D:5)
  13 bullfrogs
  A scorpion (D:5)
  3 gnoll sergeants
  9 wights (D:8)
  18 killer bees
  6 electric eels (D:6)
  3 quasits (D:7)
  3 hounds
  4 orc priests
  7 jellies
  A gnoll bouda (D:6)
  A bullfrog skeleton (D:4)
  A centaur skeleton (D:4)
  Terence (D:2)
  6 iguanas
  A sleepcap (D:6)
  Natasha (thrice) (D:2)
  5 orc wizards
  2 hell rats (Lair:5)
  A killer bee zombie (D:4)
  Robin (D:4)
  19 gnolls
  5 adders
  4 shadow imps
  A white imp (D:7)
  3 ufetubi
  A worm (D:4)
  47 orcs
  7 ball pythons
  6 endoplasms
  A giant cockroach (D:4)
  14 goblins
  3 hobgoblins
  2 quokkas
  A bat (D:3)
  A frilled lizard (D:3)
  16 kobolds
  7 rats
362 creatures vanquished.

Vanquished Creatures (others)
  An orc wizard (D:8)
1 creature vanquished.

Grand Total: 363 creatures vanquished

Notes
Turn   | Place    | Note
-------+----------+-------------------------------------------
     0 | D:1      | Dittersdorf the Gargoyle Fighter began the quest for the
                  | Orb.
     0 | D:1      | Reached XP level 1. HP: 14/14 MP: 1/1
   261 | D:1      | Reached XP level 2. HP: 19/19 MP: 2/2
   760 | D:2      | Noticed Natasha
   767 | D:2      | Killed Natasha
   768 | D:2      | Reached XP level 3. HP: 1/24 MP: 3/3
   784 | D:2      | Noticed Natasha
   868 | D:2      | Killed Natasha
   869 | D:2      | Reached XP level 4. HP: 28/29 MP: 4/4
   957 | D:2      | Noticed Terence
   969 | D:2      | Killed Terence
  1148 | D:2      | Noticed Natasha
  1158 | D:2      | Killed Natasha
  1159 | D:2      | Reached XP level 5. HP: 25/33 MP: 5/5
  1805 | D:3      | Found Kaoduts's Jewellery Boutique.
  2710 | D:4      | Reached XP level 6. HP: 28/39 MP: 6/6
  2813 | D:4      | Noticed a sky beast
  2838 | D:4      | Killed a sky beast
  2887 | D:4      | Found a runed translucent gate.
  2887 | D:4      | Found a runed translucent gate.
  2887 | D:4      | Found a runed translucent gate.
  2895 | D:4      | Noticed Sundig's ghost (amateur DgFi)
  2915 | D:4      | Reached skill level 5 in Fighting
  2915 | D:4      | Reached skill level 5 in Armour
  2915 | D:4      | Reached skill level 5 in Shields
  3072 | D:4      | Noticed Robin
  3185 | D:3      | Reached XP level 7. HP: 43/44 MP: 7/7
  3198 | D:4      | Killed Robin
  3414 | D:5      | Entered Level 5 of the Dungeon
  3530 | D:5      | Found a staircase to the Ecumenical Temple.
  3539 | Temple   | Entered the Ecumenical Temple
  3548 | Temple   | Became a worshipper of Warmaster Okawaru
  4012 | D:5      | Noticed Edmund
  4021 | D:5      | Killed Edmund
  4022 | D:5      | Reached XP level 8. HP: 37/51 MP: 4/8
  4213 | D:6      | Noticed Blork the orc
  4231 | D:5      | Reached * piety under Okawaru
  4237 | D:5      | Reached skill level 5 in Maces & Flails
  4380 | D:5      | Killed Blork the orc
  4434 | D:6      | Found a runed translucent gate.
  4434 | D:6      | Noticed pokeman's ghost (novice DEHW)
  4436 | D:6      | Found a runed translucent gate.
  4459 | D:6      | Found a runed translucent gate.
  4815 | D:6      | Reached ** piety under Okawaru
  5103 | D:6      | Noticed a troll
  5115 | D:6      | Killed a troll
  5116 | D:6      | Reached XP level 9. HP: 42/57 MP: 6/9
  6045 | D:4      | Killed Sundig's ghost
  6499 | D:7      | Noticed lunkers's ghost (novice MeSh)
  6504 | D:7      | Found a transporter.
  6644 | D:7      | Found a transporter.
  6800 | D:7      | Reached *** piety under Okawaru
  7391 | D:8      | Noticed Jeremiah
  7539 | D:8      | Killed Jeremiah
  7540 | D:8      | Reached XP level 10. HP: 54/64 MP: 6/10
  8465 | D:8      | You fall into a shaft and drop 3 floors!
  8534 | D:10     | Entered Level 10 of the Dungeon
  8615 | D:10     | Reached **** piety under Okawaru
  8623 | D:10     | Noticed a deep elf pyromancer
  8866 | D:10     | Killed a deep elf pyromancer
  8976 | D:10     | Noticed a two-headed ogre
  8986 | D:10     | Killed a two-headed ogre
  8986 | D:10     | Reached ***** piety under Okawaru
  9358 | D:9      | Reached XP level 11. HP: 69/71 MP: 11/11
  9387 | D:9      | Found a staircase to the Lair.
  9459 | D:9      | Received a gift from Okawaru
 10150 | D:8      | Reached skill level 10 in Fighting
 10150 | D:8      | Reached skill level 10 in Shields
 10153 | D:8      | Reached skill level 10 in Armour
 10368 | D:9      | Found a broken altar of Ashenzari.
 10654 | D:10     | Noticed Urug
 10854 | D:9      | Killed Urug
 11018 | D:10     | Found a transporter.
 11020 | D:10     | Found a one-way gate to the infinite horrors of the Abyss.
 11020 | D:10     | Noticed Newt's ghost (journeyman KoHu)
 11028 | D:10     | Noticed a wizard
 11106 | D:10     | Noticed a great orb of eyes
 11118 | D:10     | Found a transporter.
 11132 | D:10     | Found Lorejor's Armour Emporium.
 11134 | D:10     | Found a staircase to the Orcish Mines.
 11189 | D:10     | Found a large runed translucent door.
 11326 | D:10     | Found a large runed translucent door.
 11625 | D:10     | Found an ancient bone altar of Kikubaaqudgha.
 11711 | D:10     | Found a sparkling altar of Nemelex Xobeh.
 12048 | D:5      | Killed pokeman's ghost
 12308 | D:7      | Killed lunkers's ghost
 12418 | Lair:1   | Entered Level 1 of the Lair of Beasts
 12732 | Lair:1   | Reached XP level 12. HP: 79/79 MP: 12/12
 12811 | Lair:1   | Reached skill level 10 in Maces & Flails
 12958 | Lair:1   | Found a gate leading to a gauntlet.
 13709 | Lair:2   | Reached ****** piety under Okawaru
 13794 | Lair:2   | You fall into a shaft and drop 1 floor!
 13883 | Lair:3   | Received a gift from Okawaru
 13924 | Lair:3   | Noticed Snorg
 13958 | Lair:3   | Killed Snorg
 14269 | Lair:3   | Noticed a boulder beetle
 14285 | Lair:3   | Killed a boulder beetle
 14286 | Lair:3   | Reached XP level 13. HP: 86/86 MP: 10/13
 14405 | Lair:2   | Noticed Erica
 14443 | Lair:2   | Killed Erica
 15050 | Lair:2   | Found a staircase to the Swamp.
 15755 | Lair:3   | Found a staircase to the Snake Pit.
 16091 | Lair:4   | Found a viscous altar of Jiyva.
 16099 | Lair:3   | Received a gift from Okawaru
 16188 | Lair:4   | Found a staircase to the Slime Pits.
 16241 | Lair:4   | Received a gift from Okawaru
 17099 | Lair:5   | Entered Level 5 of the Lair of Beasts
 17145 | Lair:5   | HP: 4/88 [yak (3)]
 17146 | Lair:5   | Mangled by a cane toad

Illustrated notes

Levels and vault maps discovered:
D:1:      beargit_arrival_diablo_church, layout_basic
D:2:      layout_basic, uniq_terence, uniq_natasha
D:3:      layout_loops_corners, serial_shops, nicolae_shop_behind_doors
D:4:      layout_rooms, gammafunk_ghost_necromancy, dreamdust_princess_bridge,
          kennysheep_nub, uniq_robin
D:5:      layout_cave_pools, minmay_temple_entry_mini_moons, uniq_edmund
D:6:      cheibrodos_two_vegetables, layout_loops_ring,
          biasface_ghost_orc_armoury, serial_bayou_pond_e,
          nicolae_grassy_gnolls, uniq_blork_the_orc
D:7:      layout_cave_pods, gammafunk_ghost_stat_death,
          minmay_misc_feat_nine_boxes
D:8:      layout_layer_cave, uniq_jeremiah
D:9:      layout_big_octagon, nicolae_ashenzari_skybound, lair_entry_dummy,
          serial_park, serial_park_tiny_2, minmay_misc_feat_x
D:10:     layout_loops_corners, jmf_multi_god_temple2, orc_david_3,
          gammafunk_ghost_abyssal_escape, uniq_urug
D:11:     layout_rooms, minmay_lizard_king
Temple:   nicolae_temple_bog_church
Lair:1:   layout_roguey, gauntlet_entry_generic, minmay_stone_trees_small,
          lemuel_fruit_tree
Lair:2:   layout_misc_corridors, palyth_hydra_swamp_entry, uniq_erica
Lair:3:   layout_chaotic_city, nicolae_snake_entry_squirm, uniq_snorg
Lair:4:   layout_cave_pods, nicolae_slime_entry_field_trip, lemuel_fruit_fields
Lair:5:   hangedman_lair_caniforms_friends, layout_cave_pods, wormcave,
          st_stairs_3, nicolae_lair_yak_garden

Skill      XL: |  1  2  3  4  5  6  7  8  9 10 11 12 13 |
---------------+----------------------------------------+-----
Shields        | 4 5 7 8 9 11 12 13 | 13.1
Fighting       | 4 5 7 8 9 10 12 13 | 13.1
Armour         | 4 5 7 8 9 10 12 13 | 13.1
Maces & Flails | 3 4 5 7 8 9 11 | 11.8

Action                     |  1- 3 |  4- 6 |  7- 9 | 10-12 | 13-15 || total
---------------------------+-------+-------+-------+-------+-------++-------
  Melee: Flail             |    64 |    83 |   331 |   878 |   283 ||  1639
         Morningstar       |       |    95 |    79 |     3 |       ||   177
  Throw: Dart              |       |       |    10 |    11 |       ||    21
 Invoke: Heroism           |       |       |     3 |     7 |     7 ||    17
  Evoke: Wand              |       |       |       |     1 |       ||     1
    Use: Scroll            |       |       |    14 |     6 |       ||    20
 Armour: Scale mail        |    26 |       |       |       |       ||    26
         Chain mail        |    12 |   176 |   210 |   461 |   301 ||  1160
         Plate armour      |       |       |   235 |   324 |       ||   559
  Dodge: Dodged            |    29 |    82 |   172 |   326 |   121 ||   730
         Repelled          |       |       |       |       |     2 ||     2
  Block: Buckler           |    11 |    80 |   142 |   382 |   159 ||   774

Table legend: (Time is in decaauts)
 A = Elapsed time spent in this place.
 B = Non-inter-level travel time spent in this place.
 C = Inter-level travel time spent in this place.
 D = Time resting spent in this place.
 E = Time spent auto-exploring this place.
 F = Levels seen in this place.
 G = Mean time per level.
                   A        B        C        D        E       F      G
               +--------+--------+--------+--------+--------+-----+--------+
         Total |  17250 |  16331 |    919 |   2912 |   9341 |  17 | 1014.7 |
       Dungeon |  12589 |  11886 |    703 |   2347 |   6714 |  11 | 1144.5 |
        Temple |     18 |      4 |     14 |      0 |      0 |   1 |   18.0 |
          Lair |   4641 |   4439 |    202 |    565 |   2627 |   5 |  928.2 |
               +--------+--------+--------+--------+--------+-----+--------+

Top non-repeatable levels by time:
     D:8: 1971 daAuts
     D:6: 1925 daAuts
    D:10: 1350 daAuts
  Lair:2: 1306 daAuts
  Lair:3: 1243 daAuts
     D:7: 1181 daAuts
  Lair:1: 1152 daAuts
     D:5: 1101 daAuts
     D:3: 1086 daAuts
     D:9: 1075 daAuts
     D:4: 953 daAuts
  Lair:4: 900 daAuts
     D:1: 851 daAuts
     D:2: 842 daAuts
    D:11: 250 daAuts
